 Dungeon Crawl Stone Soup version 0.22-a0-482-g76e0a5f (webtiles) character file.

94 Mamutox the Shooter (level 4, -16/37 HPs)
             Began as a Centaur Arcane Marksman on June 17, 2018.
             Demolished by a two-headed ogre
             ... wielding a +0 giant club
              (30 damage)
             ... on level 2 of the Dungeon.
             The game lasted 00:14:41 (3083 turns).

Mamutox the Shooter (Centaur Arcane Marksman)       Turns: 3083, Time: 00:14:42

Health: -16/37     AC:  5    Str: 12    XL:     4   Next: 38%
Magic:  5/5        EV: 10    Int: 12    God:
Gold:   89         SH:  0    Dex: 11    Spells: 2/5 levels left

rFire    . . .     SeeInvis .   w - +0 hunting sling
rCold    . . .     Gourm    .   (no shield)
rNeg     . . .     Faith    .   e - +0 robe
rPois    .         Spirit   .   (no helmet)
rElec    .         Reflect  .   (no cloak)
rCorr    .         Harm     .   c - +0 pair of gloves
MR       .....                  (no barding)
Stlth    +.........             (no amulet)
HPRegen  0.12/turn              (no ring)
MPRegen  0.09/turn              (no ring)

@: very quick
A: large, hooves 3, deformed body, speed 2, tough skin 3
a: no special abilities


You were on level 2 of the Dungeon.
You were very hungry.

You visited 1 branch of the dungeon, and saw 3 of its levels.

You collected 89 gold pieces.

Inventory:

Hand Weapons
 a - a +0 shortbow
 b - a +0 dagger
 w - a +0 hunting sling (weapon)
Missiles
 i - 92 stones (quivered)
 k - 22 sling bullets
 t - 5 javelins
 x - 22 bolts
Armour
 c - a +0 pair of gloves (worn)
 e - a +0 robe (worn)
Jewellery
 g - a cursed amulet of inaccuracy
Scrolls
 h - a scroll of random uselessness {unknown}
 n - a scroll of fear {unknown}
 o - 2 scrolls of identify
 p - a scroll of amnesia {unknown}
 r - a scroll of teleportation {unknown}
 u - a scroll of enchant weapon {unknown}
 v - a scroll of remove curse {unknown}
Potions
 j - a potion of curing {unknown}
 l - a potion of might {unknown}
 m - a potion of heal wounds
 q - a potion of agility {unknown}
 s - a potion of invisibility {unknown}
 z - a potion of mutation {unknown}
Comestibles
 f - 4 rations


   Skills:
 + Level 2.5 Fighting
 + Level 4.3 Bows
 - Level 1.5 Dodging
 - Level 1.0 Spellcasting
 - Level 3.3 Hexes


You had 2 spell levels left.
You knew the following spells:

 Your Spells              Type           Power        Failure   Level  Hunger
b - Slow                  Hex            #.......     12%         2    ###....
x - Corona                Hex            #......      8%          1    ##.....

Your spell library contained the following spells:

 Spells                   Type           Power        Failure   Level  Hunger
 Cause Fear               Hex            #.........   58%         4    #####..
 Portal Projectile        Hex/Tloc       #.....       41%         3    ####...
 Leda's Liquefaction      Hex/Erth       #.........   83%         4    #####..
 Inner Flame              Hex/Fire       #.......     41%         3    ####...


Dungeon Overview and Level Annotations

Branches:
Dungeon (3/15)

Altars:
Fedhas


Innate Abilities, Weirdness & Mutations

You have hooves in place of feet.
Armour fits poorly on your strangely shaped body.
You cover ground very quickly.
You have extremely tough skin. (AC +3)


Message History

Aim: a two-headed ogre, wielding two giant clubs (heavily wounded)
You shoot an arrow. The arrow hits the two-headed ogre.
The two-headed ogre is heavily wounded.
Throwing (i - inventory. (/) - cycle)
i - 94 stones (quivered)
Press: ? - help, Shift-Dir - straight line, f/p - two-headed ogre
Aim: a two-headed ogre, wielding two giant clubs (heavily wounded)
You throw a stone.
The stone barely misses the two-headed ogre.
You see here a ring mail.
Wield which item (- for none, * to show all)? (? for menu, Esc to quit)
w - a +0 hunting sling (weapon)
Firing (i - inventory. (/) - cycle)
i - 93 stones (quivered)
Press: ? - help, Shift-Dir - straight line, f/p - two-headed ogre
Aim: a two-headed ogre, wielding two giant clubs (heavily wounded)
You shoot a stone. The stone hits the two-headed ogre.
The two-headed ogre is heavily wounded.
The two-headed ogre hits you but does no damage.
The two-headed ogre hits you with a giant club!!
Ouch! That really hurt!
You die...

##((.#.##.......# #.
#......##..##.#.# #.
#......##..##.#.# #.
#.....<.......#.# #.
#..........).##.#####.
#.....####.#.##.......
####(## #.#.##..###..
#O#####.#..........
#[@............##..
######..###.....##.
#.............
##...#.....###
###.##...## ##.###.##
#...##.# #......#
#...####


You could see a two-headed ogre.

Vanquished Creatures
  2 adders (D:2)
  An ooze (D:2)
  3 worms (D:2)
  A leopard gecko (D:2)
  4 bats
  7 giant cockroaches
  4 goblins
  7 hobgoblins
  13 jackals
  4 kobolds (D:1)
  3 frilled lizards
  5 rats
54 creatures vanquished.

Notes
Turn   | Place    | Note
-------+----------+-------------------------------------------
     0 | D:1      | Mamutox the Centaur Arcane Marksman began the quest for the Orb.
     0 | D:1      | Reached XP level 1. HP: 16/16 MP: 2/2
   167 | D:1      | Reached XP level 2. HP: 14/23 MP: 3/3
   201 | D:1      | Reached skill level 3 in Bows
   669 | D:1      | Learned a level 2 spell: Slow
   855 | D:1      | Reached XP level 3. HP: 19/28 MP: 4/4
  1763 | D:2      | Found a blossoming altar of Fedhas.
  1949 | D:2      | Reached skill level 4 in Bows
  2020 | D:2      | Reached XP level 4. HP: 36/36 MP: 5/5
  2958 | D:3      | Noticed a two-headed ogre
  3083 | D:2      | Demolished by a two-headed ogre

Vault maps used:
D:1:      lemuel_arrival_behind_the_door_large, minmay_hedge_maze,
          skrybe_limestone_x, hangedman_decor_points
D:2:      fedhas_altar_4
D:3:      marbit_many_paths, first_ration

Skill      XL: |  1  2  3 |
---------------+----------+-----
Hexes          | 3 |  3.3
Bows           | 3 4 |  4.3
Fighting       | 2 |  2.5
Dodging        | |  1.5
Spellcasting   | |  1.0

Action                   |  1- 3 |  4- 6 || total
-------------------------+-------+-------++-------
Melee: Dagger            |    98 |    19 ||   117
       Kick              |    17 |     1 ||    18
 Fire: Shortbow          |    68 |    49 ||   117
       Hunting sling     |       |    15 ||    15
Throw: Stone             |       |     9 ||     9
 Cast: Corona            |     9 |     2 ||    11
       Slow              |       |     1 ||     1
  Use: Scroll            |       |     1 ||     1
       Potion            |       |     1 ||     1
  Eat: Chunk             |     2 |     2 ||     4
Armor: Robe              |    51 |    42 ||    93
Dodge: Dodged            |    66 |    46 ||   112

Table legend:
 A = Spawn XP
 B = Non-spawn XP
 C = Spawn XP percentage of total XP
 D = Spawn monster count
 E = Non-spawn monster count
 F = Spawn count percentage of total count
 G = Total turns spent on level
                    A         B        C        D         E        F      G
               +---------+---------+-------+---------+---------+-------+---------
         Total |       0 |     135 |   0.0 |       0 |      54 |   0.0 |  3083
               +---------+---------+-------+---------+---------+-------+---------
           D:1 |       0 |      47 |   0.0 |       0 |      25 |   0.0 |  1342
           D:2 |       0 |      88 |   0.0 |       0 |      29 |   0.0 |  1739
               +---------+---------+-------+---------+---------+-------+---------
